 Dungeon Crawl Stone Soup version 0.22.1-1-ga44c0e5 (webtiles) character file.

106 Anon1729 the Twirler (level 4, -3/37 HPs)
             Began as a Ghoul Gladiator on Oct 25, 2018.
             Killed from afar by an orc wizard (8 damage)
             ... with a puff of flame
             ... on level 3 of the Dungeon.
             The game lasted 00:01:57 (1555 turns).

Anon1729 the Twirler (Ghoul Gladiator)              Turns: 1555, Time: 00:01:57

Health: -3/37      AC:  4    Str: 18    XL:     4   Next: 84%
Magic:  3/3        EV: 12    Int:  3    God:
Gold:   120        SH:  0    Dex: 10    Spells: 3/3 levels left

rFire    . . .     SeeInvis .   a - +0 quarterstaff
rCold    + . .     Gourm    .   (shield currently unavailable)
rNeg     + + +     Faith    .   b - +0 leather armour
rPois    ∞         Spirit   .   c - +0 helmet
rElec    .         Reflect  .   (no cloak)
rCorr    .         Harm     .   (no gloves)
MR       .....                  (no boots)
Stlth    +.........             (no amulet)
HPRegen  0.00/turn              (no ring)
MPRegen  0.08/turn              (no ring)

@: rotting
A: rotting body, claws 1, carnivore, cold resistance 1, negative energy
resistance 3, inhibited regeneration, torment resistance, unbreathing
a: no special abilities


You were on level 3 of the Dungeon.
You were not hungry.

You visited 1 branch of the dungeon, and saw 3 of its levels.

You collected 120 gold pieces.

Inventory:

Hand Weapons
 a - a +0 quarterstaff (weapon)
 n - a +0 spear of venom
Missiles
 d - 3 throwing nets (quivered)
Armour
 b - a +0 leather armour (worn)
 c - a +0 helmet (worn)
Jewellery
 m - an uncursed amulet of harm {unknown}
Scrolls
 e - a scroll of immolation {unknown}
 g - a scroll of amnesia {unknown}
 j - 2 scrolls of teleportation {unknown}
 l - 2 scrolls of enchant weapon {unknown}
 o - a scroll of identify {unknown}
 s - a scroll of noise {unknown}
Potions
 i - a potion of resistance {unknown}
 k - a potion of invisibility {unknown}
 p - a potion of mutation {unknown}
 q - a potion of heal wounds {unknown}
 r - a potion of might {unknown}
Comestibles
 f - 8 rations
 h - 5 chunks of flesh


   Skills:
 + Level 2.4 Fighting
 + Level 3.7 Staves
 - Level 1.7 Throwing
 * Level 2.2 Armour
 + Level 3.1 Dodging
 + Level 0.2 Stealth


You had 3 spell levels left.
You didn't know any spells.
Your spell library was empty.

Dungeon Overview and Level Annotations

Branches:
Dungeon (3/15)

Altars:
Okawaru
Qazlal
Sif Muna
Uskayaw

Annotations:
D:3 1 runed door


Innate Abilities, Weirdness & Mutations

Your body is rotting away.
You thrive on raw meat.
You are immune to poison.
You have sharp fingernails.
You are carnivorous and can eat meat at any time.
Your flesh is cold resistant. (rC+)
You are immune to negative energy. (rN+++)
You do not regenerate when monsters are visible.
You are immune to unholy pain and torment.
You can survive without breathing.


Message History

You kill the orc!
Something hits you but does no damage.
Things that are here:
a hand axe; a leather armour; an orc corpse You closely miss something.
Something hits you. Something barely misses you.
You hit something. Something hits you.
You closely miss something.
You hear some strange, mumbled words.
A magic dart appears from out of thin air!
The magic dart hits you!
* * * LOW HITPOINT WARNING * * *
You miss something. Something hits you.
* * * LOW HITPOINT WARNING * * *
You hit something. Something hits you.
* * * LOW HITPOINT WARNING * * *
You hit something but do no damage.
You hear some strange, mumbled words.
A puff of flame appears from out of thin air!
The puff of flame hits you!
You die...

#.<###.#.# #.##..#
#..# ...# #.##.##
#..# ..####.##.#
... ...##.# #.#
#..##.# #o#
#..##.# #†#
#..##.#
.#.#####.###..##.#
..............@{(#
.............#####
.#...........#
.......#.##.##
##.###...##.# #
###.##.# #.##.#
#.##.#


There were no monsters in sight!

Vanquished Creatures
  4 adders
  A worm (D:2)
  4 leopard geckos
  6 orcs (D:3)
  A ball python (D:1)
  3 giant cockroaches (D:1)
  5 goblins
  7 hobgoblins
  3 jackals (D:3)
  8 bats
  5 frilled lizards
  4 kobolds
  8 rats
59 creatures vanquished.

Notes
Turn   | Place    | Note
-------+----------+-------------------------------------------
     0 | D:1      | Anon1729 the Ghoul Gladiator began the quest for the Orb.
     0 | D:1      | Reached XP level 1. HP: 17/17 MP: 0/0
   241 | D:1      | Reached XP level 2. HP: 14/22 MP: 1/1
   718 | D:2      | Reached skill level 1 in Armour
   733 | D:2      | Reached XP level 3. HP: 30/30 MP: 2/2
   958 | D:2      | Reached XP level 4. HP: 29/37 MP: 3/3
  1207 | D:3      | Found a runed door.
  1287 | D:3      | Found a stormy altar of Qazlal.
  1292 | D:3      | Found an iron altar of Okawaru.
  1292 | D:3      | Found a deep blue altar of Sif Muna.
  1293 | D:3      | Found a hide-covered altar of Uskayaw.
  1555 | D:3      | Killed from afar by an orc wizard

Skill      XL: |  1  2  3  4 |
---------------+-------------+-----
Staves         | 3 |  3.7
Dodging        | 3 |  3.1
Armour         | 1 2 |  2.2
Fighting       | |  2.4
Throwing       | |  1.7
Stealth        | |  0.2

Action                   |  1- 3 |  4- 6 || total
-------------------------+-------+-------++-------
Melee: Quarterstaff      |   106 |    97 ||   203
  Eat: Chunk             |     3 |       ||     3
Armor: Leather armour    |    41 |    46 ||    87
Dodge: Dodged            |    90 |    92 ||   182
